 Dungeon Crawl Stone Soup version 0.25.0-1-g7eea58d2a3 (webtiles) character file.

Game seed: 4316589352030448266

22 Reeggar the Slasher (level 2, 0/21 HPs)
             Began as an Octopode Berserker on June 14, 2020.
             Was a Follower of Trog.
             Shot with a stone by a goblin (6 damage)
             ... on level 2 of the Dungeon.
             The game lasted 00:05:36 (1011 turns).

Reeggar the Slasher (Octopode Berserker)            Turns: 1011, Time: 00:05:36

Health: 0/21       AC:  1    Str: 16    XL:     2   Next: 91%
Magic:  2/2        EV: 13    Int:  9    God:    Trog [*.....]
Gold:   50         SH:  3    Dex: 11    Spells: 1/1 levels left

rFire    . . .     SeeInvis .   a - +0 falchion
rCold    . . .     Gourm    .   i - +0 buckler
rNeg     . . .     Faith    .   (helmet restricted)
rPois    .         Spirit   .   (no amulet)
rElec    .         Reflect  .   (no ring)
rCorr    .         Harm     .   (no ring)
MR       .....                  (no ring)
Stlth    ++........             (no ring)
HPRegen  0.07/turn              (no ring)
MPRegen  0.08/turn              (no ring)
                                (no ring)
                                (no ring)

@: no status effects
A: almost no armour, stealthy swim, amphibious, 8 rings, constrict 8, camouflage
1, gelatinous body 1
a: Berserk, Renounce Religion


You were on level 2 of the Dungeon.
You worshipped Trog.
Trog was aware of your devotion.
You were not hungry.

You visited 1 branch of the dungeon, and saw 2 of its levels.

You collected 50 gold pieces.

Inventory:

Hand Weapons
 a - a +0 falchion (weapon)
Armour
 i - a +0 buckler (worn)
Scrolls
 d - 2 scrolls of fear {unknown}
 e - a scroll of amnesia {unknown}
Potions
 c - a potion of magic {unknown}
 f - a potion of ambrosia {unknown}
Comestibles
 b - a ration
 g - 9 chunks of flesh


   Skills:
 + Level 3.3 Fighting
 + Level 3.4 Long Blades
 + Level 3.2 Dodging
 + Level 0.8 Stealth


You had one spell level left.
You didn't know any spells.
Your spell library was empty.

Dungeon Overview and Level Annotations

Branches:
Dungeon (2/15)

Altars:


Innate Abilities, Weirdness & Mutations

You cannot wear most types of armour.
You are very stealthy in the water. (Stealth+)
You are amphibious.
You can wear up to eight rings at the same time.
You can use your tentacles to constrict eight enemies at once.
Your skin changes colour to match your surroundings (Stealth+).
Your rubbery body absorbs attacks. (AC +1, EV +1)


Message History

There isn't anything to butcher here.
Really walk into that dispersal trap?
You enter a dispersal trap!
You blink.
Found a ration.
Found a dagger.
A kobold comes into view. It is wielding a +0 club.
Found a ring mail.
Found a scroll labeled FIXZIF ONIONO.
A goblin comes into view.
The goblin shouts!
The kobold shouts!
The kobold throws a stone.
The stone hits you.
Things that are here:
a stone; a dagger The goblin wields a +0 hunting sling.
The goblin shoots a stone.
The stone hits you.
* * * LOW HITPOINT WARNING * * *
The kobold throws a stone.
The stone hits you but does no damage.
You see here 2 stones.
The kobold barely misses you.
The goblin shoots a stone.
The stone hits you.
You die...

.............
#####.##.##.............
### #.##.# ..........
..# #.##.# ..........
..# #.##.######.........
..# #...................
### ####.##........?...#
# ####'##............+ #
..........((@..g...# .#
.............K.....# .#
.......########+#### ..#
..%....# #.#........#
....... .[..... .......


You could see a goblin and a kobold.

Vanquished Creatures
  2 leopard geckos
  2 giant cockroaches (D:1)
  4 goblins
  A hobgoblin (D:2)
  3 jackals (D:1)
  A kobold (D:2)
  A bat (D:2)
  A frilled lizard (D:1)
  2 rats
17 creatures vanquished.

Notes
Turn   | Place    | Note
-------+----------+-------------------------------------------
     0 | D:1      | Reeggar the Octopode Berserker began the quest for the Orb.
     0 | D:1      | Reached XP level 1. HP: 16/16 MP: 1/1
   289 | D:1      | Reached XP level 2. HP: 15/21 MP: 2/2
  1011 | D:2      | Shot with a stone by a goblin

Illustrated notes

Levels and vault maps discovered:
D:1:      grunt_arrival_crossed_arrows, layout_basic
D:2:      layout_basic, gammafunk_temple_overflow_pools, minmay_misc_feat_cross,
          nicolae_dithmenos_through_a_glass_darkly, uniq_sigmund

Action                   || total
-------------------------++-------
Melee: Falchion          ||    29
       Spear             ||     4
       Constrict         ||     9
       Tentacles         ||     5
 Stab: Sleeping          ||     1
Armor: Skin              ||     3
Dodge: Dodged            ||    35
Block: Buckler           ||     4
       Rpst.: Falchion   ||    11
